 Dungeon Crawl Stone Soup version 0.25-a0-413-g3b4b6a4ccc (console) character file.

Game seed: 6758413648296196329, levelgen mode: deterministic

301 Kagalorn the Sneak (level 6, 0/44 HPs)
             Began as a Human Assassin on Jan 16, 2020.
             Was an Initiate of Dithmenos.
             Slain by Menkaure (3 damage)
             ... on level 4 of the Dungeon.
             The game lasted 00:13:14 (3955 turns).

Kagalorn the Sneak (Human Assassin)                 Turns: 3955, Time: 00:13:14

Health: 0/44       AC:  3    Str: 12    XL:     6   Next: 64%
Magic:  6/6        EV: 12    Int: 13    God:    Dithmenos [......]
Gold:   140        SH:  0    Dex: 14    Spells: 3/6 levels left

rFire    . . .     SeeInvis .   a - +3 dagger (speed)
rCold    . . .     Gourm    .   (no shield)
rNeg     . . .     Faith    .   p - +0 robe
rPois    .         Spirit   .   (no helmet)
rElec    .         Reflect  .   c - +0 cloak
rCorr    .         Harm     .   (no gloves)
MR       .....                  (no boots)
Stlth    +++.......             (no amulet)
HPRegen  0.14/turn              q - ring of wizardry
MPRegen  0.10/turn              (no ring)

@: no status effects
A: no striking features
a: Renounce Religion


You were on level 4 of the Dungeon.
You worshipped Dithmenos.
Dithmenos was noncommittal.
You were hungry.

You visited 2 branches of the dungeon, and saw 5 of its levels.

You collected 140 gold pieces.

Inventory:

Hand Weapons
 a - a +3 dagger of speed (weapon)
 b - a +1 short sword of draining
 t - a +0 long sword
 y - a +0 hunting sling
Missiles
 d - 30 poisoned darts (quivered)
 e - 2 curare-tipped darts
 g - 151 stones
 k - 8 boomerangs
 v - 13 sling bullets
Armour
 c - a +0 cloak (worn)
 p - a +0 robe (worn)
Magical Staves
 B - an uncursed staff of wizardry {unknown}
Jewellery
 q - a ring of wizardry (left hand)
Scrolls
 m - a scroll of noise {unknown}
 n - 2 scrolls of immolation {unknown}
 o - 3 scrolls of remove curse
 r - a scroll of blinking
 s - a scroll of fear {unknown}
 u - a scroll of teleportation
 w - 2 scrolls of identify {unknown}
Potions
 h - a potion of brilliance {unknown}
 i - a potion of magic {unknown}
 j - 2 potions of degeneration {unknown}
 l - a potion of curing {unknown}
 x - a potion of might {unknown}
 A - a potion of agility {unknown}
Comestibles
 f - 7 rations
 z - 5 chunks of flesh


   Skills:
 - Level 2.0 Fighting
 + Level 3.0 Short Blades
 - Level 2.0 Throwing
 - Level 1.0 Dodging
 * Level 7.1 Stealth
 * Level 0.6 Spellcasting
 * Level 0.9 Conjurations
 * Level 0.9 Fire Magic


You had 3 spell levels left.
You knew the following spells:

 Your Spells              Type           Power        Failure   Level  Hunger
c - Conjure Flame         Conj/Fire      #.......     24%         3    ####...

Your spell library contained the following spells:

 Spells                   Type           Power        Failure   Level  Hunger
 Foxfire                  Conj/Fire      #...         9%          1    ##.....
 Inner Flame              Hex/Fire       #.......     28%         3    ####...
 Sticky Flame             Conj/Fire      #.......     58%         4    #####..
 Fireball                 Conj/Fire      #.........   89%         5    ######.


Dungeon Overview and Level Annotations

Branches:
Dungeon (4/15)             Temple (1/1) D:4

Altars:
Cheibriados
Dithmenos
Elyvilon
Fedhas
Gozag
Hepliaklqana
Kikubaaqudgha
Makhleb
Okawaru
Qazlal
Ru
Sif Muna
Trog
Vehumet
Wu Jian
Yredelemnul
Zin
The Shining One

Annotations:
D:4 Menkaure


Message History

You hit Menkaure.
Menkaure is severely damaged.
You hit Menkaure.
Menkaure is severely damaged.
Menkaure hits you!!
Ouch! That really hurt!
* * * LOW HITPOINT WARNING * * *
You barely miss Menkaure.
Menkaure is severely damaged.
Menkaure gestures at you while chanting.
You barely resist. You hit Menkaure but do no damage.
Menkaure is severely damaged.
You hit Menkaure but do no damage.
Menkaure is severely damaged.
Menkaure closely misses you.
You hit Menkaure.
Menkaure is almost destroyed.
Menkaure hits you.
You die...

...#.#............
...#.####...#..###
...#.............#
'########.#.##.#.#
..........#......#
.#####....#..##..#
.................#
.............##..#
.........#######@#
.....##.)#
#.M......
.....##..#
##.......
.....##..# .>.....
.....# ..# ##.....
.....# .....
.....# ....
########. ##..
.........


You could see Menkaure.

Vanquished Creatures
  An ogre (D:4)
  An orc priest (D:4)
  A bullfrog skeleton (D:4)
  A howler monkey zombie (D:4)
  A gnoll (D:1)
  7 adders
  3 oozes (D:1)
  A dart slug (D:2)
  2 leopard geckos
  2 orcs (D:3)
  A ball python (D:2)
  2 giant cockroaches (D:1)
  5 goblins
  9 hobgoblins
  10 kobolds
  2 quokkas (D:3)
  A ball python skeleton (D:3)
  7 bats
  A frilled lizard (D:2)
  7 rats
65 creatures vanquished.

Notes
Turn   | Place    | Note
-------+----------+-------------------------------------------
     0 | D:1      | Kagalorn the Human Assassin began the quest for the Orb.
     0 | D:1      | Reached XP level 1. HP: 16/16 MP: 1/1
   116 | D:1      | Reached XP level 2. HP: 18/22 MP: 2/2
   340 | D:1      | Reached XP level 3. HP: 27/27 MP: 3/3
   701 | D:2      | Reached skill level 5 in Stealth
  1145 | D:2      | Found a faded altar of an unknown god.
  1208 | D:2      | Reached XP level 4. HP: 23/33 MP: 4/4
  1350 | D:2      | Found a bloodstained altar of Trog.
  1358 | D:2      | Found an iron altar of Okawaru.
  2073 | D:3      | Reached skill level 6 in Stealth
  2073 | D:3      | Reached XP level 5. HP: 38/38 MP: 5/5
  2105 | D:3      | Found a shimmering blue altar of Sif Muna.
  2105 | D:3      | Found a basalt altar of Yredelemnul.
  2928 | D:4      | Learned a level 3 spell: Conjure Flame
  2964 | D:4      | Noticed an ogre
  3611 | D:4      | Found a staircase to the Ecumenical Temple.
  3620 | D:4      | Reached XP level 6. HP: 30/44 MP: 6/6
  3627 | Temple   | Entered the Ecumenical Temple
  3713 | Temple   | Became a worshipper of Dithmenos the Shadowed
  3806 | D:4      | Killed an ogre
  3806 | D:4      | Reached skill level 7 in Stealth
  3940 | D:4      | Noticed Menkaure
  3955 | D:4      | Slain by Menkaure

Levels and vault maps discovered:
D:1:      scummos_arrival_simple_crosswalls, layout_loops_ring,
          serial_bayou_pond_d, moated_statue, nrook_uturn
D:2:      layout_basic, minitemple, chequers_ecumenical_altar_lobes
D:3:      layout_loops_ring, gammafunk_temple_overflow_wave, serial_glass,
          glass_columns_b, glass_columns_a
D:4:      layout_basic, minmay_temple_entry_ruins, first_ration, serial_shops,
          shop_statue, minmay_fountain_box, minmay_statues_item,
          interstate_on_off, sigmund_army, uniq_menkaure
Temple:   nicolae_temple_great_sept

Skill      XL: |  1  2  3  4  5  6 |
---------------+-------------------+-----
Stealth        | 5 6 7 |  7.1
Short Blades   | 3 |  3.0
Fighting       | |  2.0
Throwing       | |  2.0
Dodging        | |  1.0
Spellcasting   | |  0.6
Conjurations   | |  0.9
Fire Magic     | |  0.9

Action                   |  1- 3 |  4- 6 || total
-------------------------+-------+-------++-------
Melee: Dagger            |    83 |   110 ||   193
Throw: Dart              |     3 |    25 ||    28
 Cast: Conjure Flame     |       |     2 ||     2
  Use: Scroll            |       |     3 ||     3
 Stab: Sleeping          |    11 |     9 ||    20
  Eat: Chunk             |       |     6 ||     6
       Ration            |       |     1 ||     1
Armor: Robe              |    19 |     9 ||    28
Dodge: Dodged            |    40 |    36 ||    76

Table legend:
 A = Non-vault XP
 B = Vault XP
 C = Vault XP percentage of total XP
 D = Non-vault monster count
 E = Vault monster count
 F = Vault count percentage of total count
                 A         B        C        D         E       F
            +---------+---------+-------+---------+---------+-------
      Total |     430 |       0 |   0.0 |      65 |       0 |   0.0
            +---------+---------+-------+---------+---------+-------
        D:1 |      68 |       0 |   0.0 |      23 |       0 |   0.0
        D:2 |      57 |       0 |   0.0 |      19 |       0 |   0.0
        D:3 |      78 |       0 |   0.0 |      18 |       0 |   0.0
        D:4 |     227 |       0 |   0.0 |       5 |       0 |   0.0
            +---------+---------+-------+---------+---------+-------
